 Dungeon Crawl Stone Soup version 0.22.1-2-g9c5b331383 (webtiles) character file.

4172 Knicklaso the Grappler (level 10, -5/100 HPs)
             Began as a Troll Warper on Dec 5, 2018.
             Slain by Erica
             ... wielding a +0 scimitar of flaming
              (11 damage)
             ... on level 8 of the Dungeon.
             The game lasted 00:11:12 (6722 turns).

Knicklaso the Grappler (Troll Warper)               Turns: 6722, Time: 00:11:13

Health: -5/100     AC:  6    Str: 22    XL:     10   Next: 7%
Magic:  10/10      EV: 10    Int: 10    God:
Gold:   579        SH:  0    Dex: 10    Spells: 11/11 levels left

rFire    . . .     SeeInvis .     - Unarmed
rCold    . . .     Gourm    +   (no shield)
rNeg     . . .     Faith    .   a - +0 robe
rPois    .         Spirit   .   (helmet restricted)
rElec    .         Reflect  .   B - +0 cloak (curse)
rCorr    .         Harm     .   (gloves unavailable)
MR       .....                  (boots unavailable)
Stlth    +.........             (no amulet)
HPRegen  0.66/turn              o - ring of flight
MPRegen  0.12/turn              (no ring)

@: lethally poisoned (-5 -> -5), slowed, very slow
A: large, unfitting armour, claws 3, fast metabolism 3, gourmand, regeneration
1, shaggy fur 1, tough skin 2
a: Evoke Flight


You were on level 8 of the Dungeon.
You were full.

You visited 2 branches of the dungeon, and saw 9 of its levels.
You also visited: Sewer and Ossuary.

You collected 579 gold pieces.

Inventory:

Hand Weapons
 b - a +0 blowgun
Missiles
 d - 5 tomahawks of dispersal (quivered)
 h - 338 stones
 u - 10 poisoned needles
 A - 8 tomahawks
Armour
 a - a +0 robe (worn)
 y - a +0 large shield
 B - a cursed +0 cloak (worn)
Jewellery
 o - a ring of flight (left claw)
 D - an uncursed ring of stealth {unknown}
 E - an uncursed amulet of harm {unknown}
 J - a cursed ring of attention {unknown}
 M - a +5 ring of strength {unknown}
Wands
 q - a wand of clouds (4)
 C - a wand of digging (9)
Scrolls
 c - a scroll of blinking
 e - 3 scrolls of enchant weapon {unknown}
 i - 5 scrolls of identify {unknown}
 r - 5 scrolls of remove curse {unknown}
 s - a scroll of random uselessness {unknown}
 v - 3 scrolls of fog {unknown}
 w - 3 scrolls of teleportation {unknown}
 x - 4 scrolls of magic mapping {unknown}
 I - a scroll of amnesia {unknown}
 K - a scroll of fear {unknown}
 L - a scroll of immolation {unknown}
 N - a scroll of enchant armour {unknown}
Potions
 g - 5 potions of curing {unknown}
 j - 3 potions of agility {unknown}
 k - 2 potions of mutation {unknown}
 l - 4 potions of haste
 m - 4 potions of heal wounds {unknown}
 n - 3 potions of might {unknown}
 p - a potion of magic {unknown}
 t - a potion of degeneration {unknown}
 z - a potion of resistance {unknown}
 F - 3 potions of cancellation {unknown}
 G - 5 potions of brilliance {unknown}
 H - a potion of ambrosia {unknown}
Comestibles
 f - 17 rations


   Skills:
 + Level 6.7 Fighting
 - Level 0.8 Throwing
 - Level 1.9 Dodging
 + Level 4.1 Shields
 * Level 11.2 Unarmed Combat
 - Level 1.2 Spellcasting
   Level 2.1 Translocations


You had 11 spell levels left.
You didn't know any spells.
Your spell library contained the following spells:

 Spells                   Type           Power        Failure   Level  Hunger
 Apportation              Tloc           #.....       14%         1    ##.....
 Blink                    Tloc           N/A          21%         2    ###....
 Shroud of Golubria       Chrm/Tloc      #.........   32%         2    ###....
 Animate Skeleton         Necr           N/A          34%         1    ##.....
 Confusing Touch          Hex            #.....       34%         1    ##.....
 Magic Dart               Conj           #...         34%         1    ##.....
 Summon Small Mammal      Summ           #...         34%         1    ##.....
 Gell's Gravitas          Tloc           #.........   38%         3    ####...
 Lesser Beckoning         Tloc           #.........   38%         3    ####...
 Teleport Other           Tloc           #.......     38%         3    ####...
 Call Imp                 Summ           #.......     45%         2    ###....
 Slow                     Hex            #.......     45%         2    ###....
 Conjure Flame            Conj/Fire      #.......     71%         3    ####...
 Mephitic Cloud           Conj/Pois/Air  #.......     71%         3    ####...
 Passage of Golubria      Tloc           N/A          80%         4    #####..


Dungeon Overview and Level Annotations

Branches:
Dungeon (8/15)             Temple (1/1) D:5
   Lair: D:8-11

Altars:
Ashenzari
Cheibriados
Dithmenos
Elyvilon
Fedhas
Gozag
Hepliaklqana
Kikubaaqudgha
Makhleb
Nemelex Xobeh
Okawaru
Qazlal
Ru
Sif Muna
Trog
Uskayaw
Vehumet
Wu Jian
Xom
Yredelemnul
Zin
The Shining One

Annotations:
D:8 Erica


Innate Abilities, Weirdness & Mutations

You are too large for most types of armour.
You have claws for hands.
Your metabolism is lightning-fast.
You like to eat raw meat.
Your natural rate of healing is unusually fast.
You are covered in fur. (AC +1)
You have very tough skin. (AC +2)


Message History

You are poisoned.
* * * LOW HITPOINT WARNING * * *
You scratch something.
You feel sick. Something completely misses you.
You completely miss something.
You feel less confused.
You feel sick. Something hits you.
* * * LOW HITPOINT WARNING * * *
Something burns you.
* * * LOW HITPOINT WARNING * * *
You mangle something!!
You feel sick.
You hear some strange, mumbled words.
You feel as though you will be slow longer.
You claw something!
You feel sick.
You hear some strange, mumbled words.
An orb of energy appears from out of thin air!
The orb of energy hits you!
* * * LOW HITPOINT WARNING * * *
The orb of energy explodes!
You barely miss something.
You feel sick. Something hits you!
You die...

##### ##...##
#####.....####
....$........
#.......#
#..@....#
.#####.){†..##.#.#
.......<........#
.............#.#.#
..##....###### #
#.#.## #.#. . #. #
#.


There were no monsters in sight!

Vanquished Creatures
  Pikel (D:6)
  Grinder (D:4)
  Sigmund (D:2)
  Menkaure (D:4)
  2 water moccasins
  3 sky beasts
  3 orc warriors
  An ogre (D:8)
  An ice beast (D:5)
  A phantom (D:4)
  2 centaurs
  4 big kobolds (Sewer)
  4 bullfrogs
  A scorpion (D:4)
  2 vampire bats (D:3)
  2 howler monkeys
  2 crimson imps
  4 hounds
  A centaur zombie (D:6)
  5 orc wizards
  Crazy Yiuf (D:4)
  A quasit (D:5)
  A bullfrog skeleton (D:7)
  An orc priest (D:4)
  Jessica (D:3)
  Ijyb (D:3)
  Terence (D:3)
  4 iguanas
  5 worker ants
  A killer bee zombie (D:3)
  8 mummies (Ossuary)
  A hound skeleton (D:4)
  A worker ant zombie (D:5)
  3 gnolls (D:7)
  13 adders
  3 river rats
  3 shadow imps
  6 oozes
  2 adder skeletons
  An adder zombie (D:5)
  7 worms
  4 dart slugs
  5 leopard geckos
  19 orcs
  4 bat skeletons (D:3)
  A bat zombie (D:3)
  10 giant cockroaches
  A gnoll zombie (Ossuary)
  6 goblins
  13 hobgoblins
  2 jackals (D:6)
  10 kobolds
  4 quokkas
  5 ball pythons
  A ball python skeleton (D:4)
  4 bats
  7 frilled lizards
  A hobgoblin zombie (Ossuary)
  2 kobold zombies (Ossuary)
  2 leopard gecko skeletons
  A leopard gecko zombie (D:5)
  4 orc zombies (Ossuary)
  9 rats
222 creatures vanquished.

Vanquished Creatures (others)
  A slave (D:6)
  An orc (D:6)
2 creatures vanquished.

Grand Total: 224 creatures vanquished

Notes
Turn   | Place    | Note
-------+----------+-------------------------------------------
     0 | D:1      | Knicklaso the Troll Warper began the quest for the Orb.
     0 | D:1      | Reached XP level 1. HP: 19/19 MP: 1/1
   167 | D:1      | Reached XP level 2. HP: 22/28 MP: 2/2
   369 | D:1      | Reached skill level 3 in Unarmed Combat
   882 | D:2      | Reached XP level 3. HP: 18/35 MP: 3/3
   907 | D:2      | Found a faded altar of an unknown god.
  1232 | D:2      | Noticed Sigmund
  1239 | D:2      | Killed Sigmund
  1239 | D:2      | Reached skill level 4 in Unarmed Combat
  1239 | D:2      | Reached XP level 4. HP: 36/45 MP: 4/4
  1239 | D:2      | Reached XP level 5. HP: 42/53 MP: 5/5
  1287 | D:2      | Reached skill level 5 in Unarmed Combat
  1651 | D:3      | Noticed Jessica
  1653 | D:3      | Killed Jessica
  1711 | D:3      | Noticed Terence
  1715 | D:3      | Killed Terence
  1715 | D:3      | Reached XP level 6. HP: 61/61 MP: 6/6
  1770 | D:3      | Noticed Ijyb
  1788 | D:3      | Killed Ijyb
  2156 | D:3      | Found a glowing drain.
  2173 | Sewer    | Entered a sewer
  2199 | Sewer    | Reached skill level 6 in Unarmed Combat
  2340 | Sewer    | Reached XP level 7. HP: 49/68 MP: 7/7
  2577 | Sewer    | Reached skill level 7 in Unarmed Combat
  2710 | D:3      | Found a snail-covered altar of Cheibriados.
  2712 | D:3      | Found a shadowy altar of Dithmenos.
  2712 | D:3      | Found a radiant altar of Vehumet.
  3074 | D:3      | Found an ancient bone altar of Kikubaaqudgha.
  3258 | D:4      | Reached XP level 8. HP: 79/79 MP: 8/8
  3260 | D:4      | Reached skill level 8 in Unarmed Combat
  3296 | D:4      | Noticed Menkaure
  3301 | D:4      | Killed Menkaure
  3301 | D:4      | Reached skill level 5 in Fighting
  3542 | D:4      | Found a runed door.
  3639 | D:4      | Noticed Crazy Yiuf
  3642 | D:4      | Killed Crazy Yiuf
  3841 | D:4      | Noticed Grinder
  3852 | D:4      | Killed Grinder
  3852 | D:4      | Reached skill level 1 in Shields
  3852 | D:4      | Reached skill level 9 in Unarmed Combat
  3911 | D:5      | Entered Level 5 of the Dungeon
  3949 | D:5      | Found a staircase to the Ecumenical Temple.
  4093 | D:5      | Reached XP level 9. HP: 82/88 MP: 9/9
  4128 | D:5      | Found an iron altar of Okawaru.
  4321 | D:5      | Found a stormy altar of Qazlal.
  4385 | D:5      | Found a sand-covered staircase.
  4418 | Ossuary  | Entered an ossuary
  4968 | Temple   | Entered the Ecumenical Temple
  5188 | D:6      | Reached skill level 10 in Unarmed Combat
  5306 | D:6      | Found a hazy altar of Hepliaklqana.
  5519 | D:6      | Noticed Pikel
  5534 | D:6      | Killed Pikel
  6009 | D:7      | Reached skill level 11 in Unarmed Combat
  6301 | D:7      | Found an ornate altar of the Wu Jian Council.
  6301 | D:7      | Found a sparkling altar of Nemelex Xobeh.
  6301 | D:7      | Found a deep blue altar of Sif Muna.
  6301 | D:7      | Found an opulent altar of Gozag.
  6310 | D:7      | Reached XP level 10. HP: 84/100 MP: 10/10
  6334 | D:7      | Found a white marble altar of Elyvilon.
  6339 | D:7      | Found a hide-covered altar of Uskayaw.
  6689 | D:8      | Noticed Erica
  6722 | D:8      | Slain by Erica

Skill      XL: |  1  2  3  4  5  6  7  8  9 |
---------------+----------------------------+-----
Fighting       | 2 3 4 5 6 |  6.7
Unarmed Combat | 3 4 5 6 7 9 11 | 11.2
Shields        | 2 4 |  4.1
Throwing       | |  0.8
Dodging        | |  1.9
Spellcasting   | |  1.2
Translocations | |  2.1

Action                   |  1- 3 |  4- 6 |  7- 9 | 10-12 || total
-------------------------+-------+-------+-------+-------++-------
Melee: Unarmed           |   101 |   142 |   391 |    34 ||   668
       Punch             |       |     4 |    15 |     2 ||    21
 Stab: Sleeping          |     1 |       |     1 |       ||     2
  Eat: Chunk             |    16 |     8 |    29 |     5 ||    58
       Ration            |       |       |     2 |       ||     2
Armor: Robe              |    27 |    41 |   125 |     6 ||   199
Dodge: Dodged            |    42 |    58 |   192 |     9 ||   301
